 Dungeon Crawl Stone Soup version 0.27.1-15-g792fb953b9 (webtiles) character file.

Game seed: 459211189814281721

23 pkoi the Insei (level 2, -2/22 HPs)
             Began as a Demigod Transmuter on Nov 18, 2021.
             Slain by a goblin (3 damage)
             ... led by Robin
             ... on level 2 of the Dungeon.
             The game lasted 00:01:17 (1214 turns).

pkoi the Insei (Demigod Transmuter)                 Turns: 1214, Time: 00:01:17

Health: -2/22      AC:  2    Str: 11    XL:     2   Next: 54%
Magic:  6/7        EV: 12    Int: 15    God:
Gold:   28         SH:  0    Dex: 14    Spells: 3/4 levels left

rFire    . . .     SeeInvis .     - Unarmed
rCold    . . .     Faith    .   (no shield)
rNeg     . . .     Spirit   .   a - +0 robe
rPois    .         Reflect  .   (helmet currently unavailable)
rElec    .         Harm     .   (no cloak)
rCorr    .         Rampage  .   (no gloves)
Will     .....                  (boots currently unavailable)
Stlth    +.........             (no amulet)
HPRegen  0.07/turn              (no ring)
MPRegen  0.10/turn              (no ring)

@: appendages (expiring)
A: horns 2, talons 2, high mp 1, forlorn
a: End Transformation


You were on level 2 of the Dungeon.
You had temporarily grown beastly horns and talons.
You visited 1 branch of the dungeon, and saw 2 of its levels.

You collected 28 gold pieces.

Inventory:

Missiles
 c - 16 poisoned darts
Armour
 a - a +0 robe (worn)
Jewellery
 e - an amulet of guardian spirit
Scrolls
 b - 3 scrolls of enchant weapon {unknown}
 d - a scroll of identify {unknown}


   Skills:
 - Level 0.8 Fighting
 - Level 1.7 Dodging
 + Level 3.7 Unarmed Combat
 - Level 1.7 Spellcasting
 - Level 1.7 Transmutations


You had 3 spell levels left.
You knew the following spells:

 Your Spells              Type           Power      Damage    Failure   Level
a - Beastly Appendage     Tmut           12%        N/A       11%         1

Your spell library contained the following spells:

 Spells                   Type           Power      Damage    Failure   Level
 Wereblood                Tmut           6%         N/A       17%         2
 Spider Form              Tmut/Pois      1%         N/A       43%         3
 Ice Form                 Ice/Tmut       3%         N/A       85%         4


Dungeon Overview and Level Annotations

Branches:
Dungeon (1/15)


Innate Abilities, Weirdness & Mutations

You have temporarily grown beastly horns and talons.
Your attributes grow dramatically as you level up.
You have an increased reservoir of magic. (+10% MP)
You shall have no god before yourself.


Message History

You are very lightly contaminated with residual magic.
Nothing appears to happen.
The goblin completely misses you.
You closely miss the goblin. The goblin hits you with a +0 club.
You closely miss the goblin. The goblin hits you with a +0 club.
You grow a pair of large bovine horns.
Your feet morph into talons.
The hobgoblin hits you but does no damage.
The goblin closely misses you. x2
You closely miss the goblin.
You headbutt the goblin, but do no damage.
The hobgoblin hits you but does no damage.
The goblin barely misses you. x2
You hit the goblin but do no damage. Your kick misses the goblin.
The hobgoblin barely misses you. The goblin barely misses you.
The goblin hits you but does no damage.
You hit the goblin but do no damage. Your kick misses the goblin.
You punch the goblin.
You kill the goblin!
The hobgoblin hits you. The goblin hits you but does no damage.
You are too injured to fight recklessly!
The hobgoblin barely misses you. The goblin hits you with a +0 club.
* * * LOW HITPOINT WARNING * * *
Your magical contamination has completely faded away.
You see here a +0 club.
You hit the hobgoblin but do no damage.
You headbutt the hobgoblin, but do no damage.
Your transformation is almost over.
The hobgoblin hits you.
* * * LOW HITPOINT WARNING * * *
The goblin closely misses you.
You hit the hobgoblin.
The hobgoblin is severely wounded.
The hobgoblin hits you.
* * * LOW HITPOINT WARNING * * *
The goblin closely misses you.
You hit the hobgoblin but do no damage.
The hobgoblin is severely wounded.
The hobgoblin hits you.
* * * LOW HITPOINT WARNING * * *
The goblin hits you with a +0 club.
You die...

.... #......# ....
#......# ....####
#......# .......#
#......# .......#
#.[....#
.......#######......#
.......##.....†.....####
....g..##.....##........
.......##.....##@g......
.......##.....##.g......
....g.........#########+
.............)#
##............#
#............#
#............#
#............#
#.........####


You could see a hobgoblin and a goblin.

Vanquished Creatures
  A dart slug (D:1)
  2 endoplasms (D:1)
  2 giant cockroaches (D:1)
  2 hobgoblins (D:1)
  4 jackals (D:1)
  A ball python (D:1)
  2 frilled lizards
  2 goblins
  3 rats
19 creatures vanquished.

Notes
Turn   | Place    | Note
-------+----------+-------------------------------------------
     0 | D:1      | pkoi the Demigod Transmuter began the quest for the Orb.
     0 | D:1      | Reached XP level 1. HP: 15/15 MP: 5/5
    44 | D:1      | Reached skill level 3 in Unarmed Combat
   494 | D:1      | Reached XP level 2. HP: 15/22 MP: 5/7
  1139 | D:1      | You fall into a shaft and drop 1 floor!
  1214 | D:2      | HP: 1/22 [hobgoblin[Robin] (4)]
  1214 | D:2      | Slain by a goblin

Illustrated notes

Levels and vault maps discovered:
D:1:      lightli_arrival_statue_moat, layout_loops_ring,
          dreamdust_ecumenical_altar_angels_and_demons, grunt_decor_resistance
D:2:      layout_basic, uniq_robin

Skill      XL: |  1 |
---------------+----+-----
Unarmed Combat | 3 |  3.7
Fighting       | |  0.8
Dodging        | |  1.7
Spellcasting   | |  1.7
Transmutations | |  1.7

Action                   || total
-------------------------++-------
Melee: Unarmed           ||    86
       Kick              ||     4
       Headbutt          ||     4
       Punch             ||     1
 Cast: Beastly Appendage ||     6
Armor: Robe              ||    19
Dodge: Dodged            ||    56
